 Dungeon Crawl Stone Soup version 0.19.1 (webtiles) character file.

287 nikopol the Skirmisher (level 6, -1/56 HPs)
             Began as a Minotaur Berserker on Dec 6, 2016.
             Was a Believer of Trog.
             Slain by a kobold
             ... wielding a +0 short sword
              (3 damage)
             ... on level 3 of the Dungeon.
             The game lasted 00:04:21 (2744 turns).

nikopol the Skirmisher (Minotaur Berserker)         Turns: 2744, Time: 00:04:21

Health: -1/56      AC:  3    Str: 22    XL:     6   Next: 8%
Magic:  5/5        EV: 13    Int:  4    God:    Trog [**....]
Gold:   159        SH:  0    Dex: 11    Spells: 0 memorised, 5 levels left

rFire  . . .     SeeInvis .     a - +0 hand axe
rCold  . . .     Gourm    .     d - +0 leather armour
rNeg   . . .     Faith    .     (no shield)
rPois  .         Spirit   .     (helmet restricted)
rElec  .         Reflect  .     (no cloak)
rCorr  .         Harm     .     (no gloves)
MR     .....                    (no boots)
Stlth  +.........               (no amulet)
                                (no ring)
                                (no ring)

@: lethally poisoned (-1 -> -5), exhausted, slowed, very slow
A: retaliatory headbutt, horns 2
a: Berserk, Trog's Hand, Burn Spellbooks, Renounce Religion


You were on level 3 of the Dungeon.
You worshipped Trog.
Trog was pleased with you.
You were hungry.

You visited 1 branch of the dungeon, and saw 3 of its levels.

You collected 159 gold pieces.

Inventory:

Hand Weapons
 a - a +0 hand axe (weapon)
Missiles
 m - 19 arrows (quivered)
Armour
 b - a +0 animal skin
 d - a +0 leather armour (worn)
Jewellery
 g - an uncursed ring of protection from cold {unknown}
Scrolls
 f - 3 scrolls of identify {unknown}
 i - a scroll of recharging {unknown}
 l - a scroll of enchant armour {unknown}
 t - a scroll of remove curse {unknown}
Potions
 e - 4 potions of flight {unknown}
 h - a potion of might {unknown}
 j - 2 potions of curing {unknown}
 k - a potion of resistance {unknown}
 q - a potion of heal wounds {unknown}
 r - a potion of cancellation {unknown}
 s - a potion of agility {unknown}
Books
 p - a book of Cantrips

   Spells                             Type                      Level
   a - Confusing Touch                Hexes                        1
   b - Animate Skeleton               Necromancy                   1
   c - Summon Small Mammal            Summoning                    1
   d - Apportation                    Translocation                1
   Trog disapproves of the use of such an item.
Comestibles
 c - 4 bread rations
 n - a chunk of flesh
 o - a beef jerky


   Skills:
 + Level 5.1 Fighting
 + Level 5.1 Axes
 + Level 4.1 Armour
 + Level 4.1 Dodging


You had 5 spell levels left.
You didn't know any spells.

Dungeon Overview and Level Annotations

Branches:
Dungeon (3/15)

Altars:
Ashenzari
Nemelex Xobeh
Xom
Yredelemnul
Zin


Innate Abilities, Weirdness & Mutations

You reflexively headbutt those who attack you in melee.
You have a pair of horns on your head.


Message History

You feel sick.
The orc shouts!
The kobold shouts!
The kobold unwields an uncursed short sword.
The kobold wields a blowgun.
The kobold shoots a poisoned needle.
The poisoned needle barely misses you.
You see here a rat corpse.
* * * LOW HITPOINT WARNING * * *
You feel sick.
The kobold unwields an uncursed blowgun.
The kobold wields an uncursed short sword.
The kobold barely misses you.
You closely miss the kobold. Your headbutt misses the kobold.
* * * LOW HITPOINT WARNING * * *
You feel sick. The kobold hits you but does no damage.
You hit the kobold.
The kobold is heavily wounded.
* * * LOW HITPOINT WARNING * * *
You feel sick.
The kobold hits you with an uncursed short sword.
You die...

# ## #.#.# ###
.......# #.#.#.#
...>.# #
#.#.#.#.######.####
.....oK@†..).(....#
.#
#.#.#.#####)##.##.
#... .. ###)##.##
#(#. #. ##.......#
# #.. #
#.$..8...#.# ##.##
###...8.8..#.#
#...#
......8._.8...# ###
#...####
.......8.8..###
..###......#
........8....#


You could see an orc and a kobold.

Vanquished Creatures
  A phantom (D:3)
  Ijyb (D:2)
  7 gnolls
  4 adders
  5 worms
  A dart slug (D:1)
  7 bats (D:1)
  3 giant cockroaches
  7 goblins
  4 hobgoblins
  6 jackals
  3 kobolds
  3 frilled lizards
  8 rats
60 creatures vanquished.

Notes
Turn   | Place    | Note
-------+----------+-------------------------------------------
     0 | D:1      | nikopol the Minotaur Berserker began the quest for the Orb.
     0 | D:1      | Reached XP level 1. HP: 19/19 MP: 0/0
   195 | D:1      | Reached XP level 2. HP: 15/27 MP: 1/1
  1086 | D:1      | Reached XP level 3. HP: 33/33 MP: 2/2
  1339 | D:2      | Found a shattered altar of Ashenzari.
  1341 | D:2      | Found a basalt altar of Yredelemnul.
  1463 | D:2      | Reached ** piety under Trog
  1471 | D:2      | Reached XP level 4. HP: 22/41 MP: 3/3
  1811 | D:2      | Found a shimmering altar of Xom.
  1811 | D:2      | Found a faded altar of an unknown god.
  1816 | D:2      | Found a sparkling altar of Nemelex Xobeh.
  1818 | D:2      | Found a faded altar of an unknown god.
  1819 | D:2      | Found a faded altar of an unknown god.
  1867 | D:2      | Noticed Ijyb
  1874 | D:2      | Killed Ijyb
  2315 | D:2      | Found a glowing silver altar of Zin.
  2495 | D:3      | Reached XP level 5. HP: 45/47 MP: 4/4
  2584 | D:3      | Noticed a phantom
  2611 | D:3      | Killed a phantom
  2611 | D:3      | Reached skill level 5 in Fighting
  2611 | D:3      | Reached skill level 5 in Axes
  2713 | D:3      | Found a faded altar of an unknown god.
  2731 | D:3      | Reached XP level 6. HP: 20/56 MP: 5/5
  2743 | D:3      | HP: 2/56 [poisoned by a gnoll]
  2744 | D:3      | Slain by a kobold

Skill      XL: |  1  2  3  4  5 |
---------------+----------------+-----
Axes           | 4 5 |  5.1
Fighting       | 4 5 |  5.1
Armour         | 3 4 |  4.1
Dodging        | 3 4 |  4.1

Action                   |  1- 3 |  4- 6 || total
-------------------------+-------+-------++-------
Melee: Hand axe          |    98 |    75 ||   173
       Headbutt          |    11 |    12 ||    23
Invok: Berserk           |       |     1 ||     1
  Eat: Chunk             |       |     6 ||     6
Armor: Leather armour    |    12 |    10 ||    22
Dodge: Dodged            |    73 |    44 ||   117
